[Event "ICCopen2016"]
[Site "Internet Chess Club"]
[Date "2016.06.03"]
[Round "10"]
[White "flinkfinger"]
[Black "born2die"]
[Result "1-0"]
[ICCResult "Black forfeits on time"]
[WhiteElo "2193"]
[BlackElo "1774"]
[Opening "Queen's pawn game, Darooha variation "]
[ECO "D02"]
[NIC "QP.06"]
[Time "20:47:52"]
[TimeControl "180+0"]

1. Nf3 Nf6 2. d4 d5 3. c4 Bg4 4. e3 e6 5. Nc3 c6 6. Qb3 Qb6 7. Ne5 Qxb3 8.
axb3 Bf5 9. c5 Nbd7 10. Nxd7 Kxd7 11. b4 Be7 12. Bd2 b5 13. Be2 Bd8 14. Nxb5
cxb5 15. Bxb5+ Ke7 16. Bc6 Rc8 17. Rxa7+ Rc7 18. Rxc7+ Bxc7 19. b5 Bd3 20.
b6 Bb8 21. f3 e5 22. Kf2 exd4 23. exd4 Rc8 24. Bb7 Rf8 25. Bg5 Kd7 26. Bxf6
gxf6 27. Bxd5 Bb5 28. b4 Re8 29. Rc1 Bxh2 30. Rc2 Bc6 31. Bxf7 Rf8 32. Bc4
Ba4 33. Ra2 Bd1 34. d5 Bb8 35. Rd2 Ba4 36. Ra2 Bd1 37. Bb5+ Ke7 38. Rd2 Bb3
39. d6+ Ke6 40. Re2+ Kd5 41. Re7 Bc4 42. Bxc4+ Kxc4 43. d7 Kxb4 44. Re8
{Black forfeits on time}
1-0

[Event "ICCopen2016"]
[Site "Internet Chess Club"]
[Date "2016.06.03"]
[Round "10"]
[White "DetectiveStark"]
[Black "faust"]
[Result "0-1"]
[ICCResult "White forfeits on time"]
[WhiteElo "2498"]
[BlackElo "3184"]
[Opening "King's pawn opening"]
[ECO "B00"]
[NIC "VO.17"]
[Time "20:48:09"]
[TimeControl "180+0"]

1. e4 b5 2. Bxb5 Bb7 3. Nc3 Nf6 4. Qe2 e6 5. Nf3 Bb4 6. d3 O-O 7. O-O a6 8.
Ba4 d5 9. e5 Nfd7 10. a3 Bxc3 11. bxc3 c5 12. Rb1 Bc6 13. Bxc6 Nxc6 14. Bf4
Qa5 15. Qd2 Rfb8 16. h4 Qxa3 17. Ra1 Qb2 18. h5 a5 19. Ra4 Nb6 20. Bh6 Nxa4
21. Qg5 Kf8 22. Qxg7+ Ke8 23. Qg8+ Kd7 24. Qxf7+ Ne7 25. Ng5 Qb6 26. Nxh7
Nxc3 27. Nf6+ Kc6 28. Qxe6+ Kb5 29. Qxe7 Rb7 30. Qd6 Qxd6 31. exd6 a4 32.
Ra1 a3 33. Bd2 d4 34. h6 Kc6 35. Bxc3 dxc3 36. Ne4 Rb2 37. Nxc3 Rxc2 38. Ne4
c4 39. dxc4 Rxc4 40. f3 a2 41. h7 Rc2 42. Kh2 Rh8 43. Kg3 Rxh7 44. Kf4 Rxg2
45. d7 Rxd7 46. Rc1+ Kb6 47. Nc5 Rf7+ 48. Ke4 Ka7 49. Na4 Re2+
{White forfeits on time}
0-1

[Event "ICCopen2016"]
[Site "Internet Chess Club"]
[Date "2016.06.03"]
[Round "10"]
[White "kvicc"]
[Black "blitzmaniac"]
[Result "0-1"]
[ICCResult "White resigns"]
[WhiteElo "2203"]
[BlackElo "2860"]
[Opening "Scandinavian: Pytel-Wade variation"]
[ECO "B01"]
[NIC "SD.02"]
[Time "20:48:11"]
[TimeControl "180+0"]

1. e4 d5 2. exd5 Qxd5 3. Nc3 Qd6 4. d4 c6 5. Nf3 Bg4 6. Be3 Nd7 7. h3 Bh5 8.
Be2 Ngf6 9. Nd2 Bxe2 10. Qxe2 e6 11. Nc4 Qc7 12. O-O Be7 13. Qf3 Nb6 14.
Nxb6 axb6 15. a3 O-O 16. Bf4 Qd8 17. Rfd1 b5 18. Be5 Nd7 19. Bh2 Nb6 20. Ne4
Qd5 21. Qe2 Qc4 22. Qxc4 Nxc4 23. Rab1 f6 24. Nd2 Nb6 25. Re1 Kf7 26. Re2
Rfe8 27. Rbe1 Bf8 28. c3 Nd5 29. Nb3 b6 30. g4 c5 31. dxc5 bxc5 32. Bg3 Ra4
33. Kg2 h5 34. gxh5 e5 35. Rd2 Nb6 36. Nc1 Ra7 37. Red1 Ke6 38. Ne2 Nc4 39.
Rc2 Rd7 40. Rxd7 Kxd7 41. Nc1 Ke6 42. Re2 Rd8 43. f4 Be7 44. fxe5 fxe5 45.
b3 Nxa3 46. Bxe5 Kf7 47. Bxg7 Rg8 48. h6 Bg5 49. Rf2+ Kg6 50. Nd3 Bxh6 51.
Bxh6 Kxh6+ 52. Kf1 Rc8 53. Rf5 c4 54. bxc4 bxc4 55. Nf4 Nc2 56. Rh5+ Kg7 57.
Rg5+ Kf6 58. Ra5 Rd8 59. Nd5+ Rxd5 60. Rxd5 Ne3+ 61. Ke2 Nxd5 62. Kf3 Nxc3
63. Ke3 Nb5 64. Kd2 c3+ 65. Kc2 Kg5 66. Kd3 Kh4 67. Kc4 Kxh3 68. Kxb5 c2 69.
Kb4 c1=Q {White resigns} 0-1

[Event "ICCopen2016"]
[Site "Internet Chess Club"]
[Date "2016.06.03"]
[Round "10"]
[White "paulohaddad"]
[Black "wmanthony"]
[Result "1-0"]
[ICCResult "Black forfeits on time"]
[WhiteElo "1646"]
[BlackElo "1394"]
[Opening "Philidor: Steinitz variation"]
[ECO "C41"]
[NIC "KP.10"]
[Time "20:47:50"]
[TimeControl "180+0"]

1. e4 e5 2. Nf3 d6 3. Bc4 Be7 4. c3 Nf6 5. d4 exd4 6. cxd4 Nxe4 7. Nc3 Nxc3
8. bxc3 O-O 9. O-O Nc6 10. h3 Bf6 11. Qd3 d5 12. Bb3 Be6 13. Ba3 Re8 14.
Rfe1 Na5 15. Bc2 g6 16. g4 Nc4 17. Bc1 Bg7 18. Bg5 Qd7 19. Bh4 Nb2 20. Qd2
Nc4 21. Qd3 Nb2 22. Qf1 Qc6 23. Rac1 Nc4 24. Bb3 a5 25. Qd3 a4 26. Bc2 Nb2
27. Qf1 Qxc3 28. Bxg6 Qa3 29. Bb1 Nc4 30. Ng5 b5 31. Nxe6 Rxe6 32. Rxe6 fxe6
33. Bg3 Nd2 34. Qd1 Nxb1 35. Rxb1 {Black forfeits on time} 1-0

[Event "ICCopen2016"]
[Site "Internet Chess Club"]
[Date "2016.06.03"]
[Round "10"]
[White "Petergriffin"]
[Black "Tal-Baron"]
[Result "1-0"]
[ICCResult "Black resigns"]
[WhiteElo "2113"]
[BlackElo "2784"]
[Opening "Grünfeld: modern exchange variation"]
[ECO "D85"]
[NIC "GI.04"]
[Time "20:48:29"]
[TimeControl "180+0"]

1. d4 Nf6 2. c4 g6 3. Nc3 d5 4. cxd5 Nxd5 5. e4 Nxc3 6. bxc3 Bg7 7. Nf3 c5
8. Rb1 O-O 9. Be2 b6 10. O-O Bb7 11. d5 Bxc3 12. Bh6 Bg7 13. Bxg7 Kxg7 14.
Bc4 Nd7 15. e5 f6 16. e6 Nb8 17. Qe2 Qc8 18. Rfd1 Rd8 19. h4 Ba6 20. h5 Bxc4
21. Qxc4 Na6 22. Qg4 Rg8 23. d6 Qc6 24. dxe7 Rae8 25. Rd7 Nb4 26. hxg6 hxg6
27. Nh4 Kh7 28. Rb3 Nd5 29. Rh3 {Black resigns} 1-0

[Event "ICCopen2016"]
[Site "Internet Chess Club"]
[Date "2016.06.03"]
[Round "10"]
[White "darthvader"]
[Black "DEHO"]
[Result "1-0"]
[ICCResult "Black forfeits on time"]
[WhiteElo "1947"]
[BlackElo "2191"]
[Opening "Queen's pawn game, Rubinstein (Colle-Zukertort) variation"]
[ECO "D05"]
[NIC "QP.08"]
[Time "20:47:46"]
[TimeControl "180+0"]

1. d4 d5 2. Nf3 Nf6 3. e3 e6 4. Bd3 c5 5. b3 Nbd7 6. O-O b6 7. Bb2 Bb7 8.
Ne5 Nxe5 9. dxe5 Nd7 10. f4 g6 11. c4 Bg7 12. Nc3 O-O 13. cxd5 exd5 14. Nb5
Qe7 15. Nd6 Bc6 16. Qe2 f6 17. Bb5 Bxb5 18. Nxb5 fxe5 19. Nc7 Rad8 20. Nxd5
Qe6 21. Qc4 Kh8 22. e4 exf4 23. Bxg7+ Kxg7 24. Rad1 Ne5 25. Qa6 Rd7 26. Nxf4
Qe7 27. Rxd7 Qxd7 28. Nd5 Rxf1+ 29. Qxf1 Qf7 30. Qe2 Qe6 31. h3 Nc6 32. Qd3
Nd4 33. b4 Qe5 34. bxc5 bxc5 35. a4 Ne6 36. a5 Nd4 37. a6 h5 38. Qe3 h4 39.
Qd3 g5 40. Qe3 Kg6 41. Qd3 Kh5 42. Ne3 {Black forfeits on time} 1-0

[Event "ICCopen2016"]
[Site "Internet Chess Club"]
[Date "2016.06.03"]
[Round "10"]
[White "Rude-Dude"]
[Black "jonesey"]
[Result "1-0"]
[ICCResult "Black checkmated"]
[WhiteElo "1317"]
[BlackElo "1752"]
[Opening "English opening"]
[ECO "A10"]
[NIC "EO.64"]
[Time "20:47:45"]
[TimeControl "180+0"]

1. c4 g6 2. Nc3 Bg7 3. d4 c5 4. e3 cxd4 5. exd4 Nf6 6. Nf3 d5 7. Bd3 dxc4 8.
Bxc4 O-O 9. O-O Bg4 10. Be3 Nc6 11. h3 Bxf3 12. Qxf3 Nxd4 13. Qd1 Nf5 14.
Qe2 Nxe3 15. Qxe3 Qc7 16. Bb3 Rfd8 17. Rac1 Qa5 18. Qxe7 Rf8 19. Rfd1 b6 20.
Nd5 Nxd5 21. Rxd5 Qa6 22. Rcd1 Bxb2 23. Rd7 Qa3 24. Bxf7+ Kh8 25. Qe2 Bg7
26. R1d3 Qc1+ 27. Rd1 Qc5 28. R7d5 Qc7 29. Rd7 Qf4 30. Qe7 Rac8 31. f3 Rc2
32. Bc4 Qg3 33. Qxg7# {Black checkmated} 1-0

[Event "ICCopen2016"]
[Site "Internet Chess Club"]
[Date "2016.06.03"]
[Round "10"]
[White "f8"]
[Black "bonicula"]
[Result "1-0"]
[ICCResult "Black forfeits on time"]
[WhiteElo "1368"]
[BlackElo "915"]
[Opening "Petrov: classical attack"]
[ECO "C42"]
[NIC "RG.04"]
[Time "20:48:05"]
[TimeControl "180+0"]

1. e4 e5 2. Nf3 Nf6 3. Nxe5 d6 4. Nf3 Nxe4 5. d4 d5 6. Bd3 Nf6 7. O-O Nc6 8.
Re1+ Be7 9. Bg5 Be6 10. c3 O-O 11. Nbd2 Qd7 12. Rb1 Rab8 13. Rc1 b5 14. Bb1
a5 15. Qc2 g6 16. Bf4 Bf5 17. Qd1 Bg4 18. Qc2 Bf5 19. Qd1 Bg4 20. Qc2 Bf5
21. Qd1 Bg4 22. Qc2 Bf5 23. Qd1 Bg4 24. Qc2 Bf5 25. Qb3 a4 26. Qd1 Bxb1 27.
Rxb1 Na5 28. Ne5 Qf5 29. Bg3 Bd6 30. Ndf3 Rfe8 31. Qd2 Nc4 32. Qf4 Qxf4 33.
Bxf4 Bxe5 34. Bxe5 Nd2 35. Nxd2 Ng4 36. Nf3 Nxe5 37. Nxe5 Re6 38. Nd3 Rf6
39. Re7 Rfb6 40. Ne5 f6 41. Ng4 Kf8 42. Rxc7 b4 43. cxb4 Rxb4 44. Nxf6 a3
45. b3 R4b6 46. Nxh7+ Kg8 47. Re1 Rf6 48. Ng5 Rff8 49. Ree7
{Black forfeits on time}
1-0

[Event "ICCopen2016"]
[Site "Internet Chess Club"]
[Date "2016.06.03"]
[Round "10"]
[White "DoctorWho"]
[Black "HouseOfFun"]
[Result "0-1"]
[ICCResult "White resigns"]
[WhiteElo "2019"]
[BlackElo "2417"]
[Opening "Scandinavian (center counter) defense"]
[ECO "B01"]
[NIC "VO.17"]
[Time "20:48:04"]
[TimeControl "180+0"]

1. e4 d5 2. Nc3 dxe4 3. Nxe4 Bf5 4. Ng3 Bg6 5. Nf3 Nd7 6. Bc4 e6 7. d3 Ngf6
8. h4 h6 9. Qe2 Bd6 10. Ne4 Nxe4 11. dxe4 c6 12. c3 Qc7 13. h5 Bh7 14. Bd3
O-O-O 15. Bd2 Nc5 16. Bc2 Bf4 17. O-O-O Bxd2+ 18. Rxd2 Rxd2 19. Nxd2 Rd8 20.
g3 Qe7 21. f4 Qc7 22. Rd1 Qa5 23. Qc4 Na6 24. a3 Qxh5 25. Ba4 Nc7 26. b4 b5
27. Qxc6 bxa4 28. Qxa4 Kb7 29. Qb3 Qe2 30. a4 Bxe4 31. Nxe4 Rxd1+ 32. Qxd1
Qxe4 33. Kb2 Nd5 34. Qd2 Qe3 35. Qc2 Qxg3 36. b5 Qxc3+ 37. Qxc3 Nxc3 38.
Kxc3 h5 39. Kd4 h4 40. Ke3 Kb6 41. Kf3 f6 42. Kg4 g5 43. fxg5 fxg5 44. Kxg5
h3 45. Kf6 h2 46. Kxe6 h1=Q 47. Kd6 Qd1+ {White resigns} 0-1

[Event "ICCopen2016"]
[Site "Internet Chess Club"]
[Date "2016.06.03"]
[Round "10"]
[White "stoptryharding"]
[Black "Harmonie"]
[Result "1-0"]
[ICCResult "Black forfeits on time"]
[WhiteElo "2460"]
[BlackElo "3100"]
[Opening "QGD: classical variation (5.Bf4)"]
[ECO "D37"]
[NIC "QI.01"]
[Time "20:47:43"]
[TimeControl "180+0"]

1. d4 e6 2. Nf3 Nf6 3. c4 d5 4. Nc3 Be7 5. Bf4 O-O 6. a3 dxc4 7. e3 Nd5 8.
Bxc4 Nxf4 9. exf4 Bf6 10. Qd3 c5 11. dxc5 Qxd3 12. Bxd3 Bxc3+ 13. bxc3 Nd7
14. c6 bxc6 15. O-O-O Nf6 16. c4 c5 17. Ne5 Bb7 18. Rhg1 Rfd8 19. g3 Kf8 20.
Kc2 h6 21. Rb1 Ba6 22. Kc3 Rd6 23. Bc2 Rad8 24. Rge1 Rb6 25. Rxb6 axb6 26.
Rb1 Rd6 27. a4 Ke7 28. a5 bxa5 29. Ra1 Nd7 30. Rxa5 f6 31. Nxd7 Kxd7 32.
Rxc5 Bb7 33. Ba4+ Kd8 34. Ra5 Kc7 35. c5 Rd8 36. Bb3 e5 37. fxe5 fxe5 38.
Ra7 Kb8 39. Ra1 Kc7 40. Re1 e4 41. Rd1 Rf8 42. Rd2 Rf3+ 43. Kb4 Bc6 44. Bd1
Rf5 45. Kc4 Re5 46. Ra2 Bb7 47. Bb3 e3 48. fxe3 Rxe3 49. Rf2 Re4+ 50. Kc3
Re7 51. Bc4 Bc6 52. Rf8 Re3+ 53. Kd4 Re4+ 54. Kd3 Re7 55. h4 Be4+ 56. Kc3
Bc6 57. g4 Re3+ 58. Kb4 Re7 59. g5 hxg5 60. hxg5 Kd7 61. g6 Kc7 62. Rf7 Kd8
63. Ka5 Be4 64. Rf8+ Re8 65. Rxe8+ Kxe8 66. Bf7+ Kd7 67. Kb6 Kd8 68. c6 Ke7
69. c7 Bf5 70. Kb7 Bg4 71. Kb8 Bf5 72. Bc4 Bg4 73. Ba6 Bh3 74. Bc8 Bxc8 75.
Kxc8 Kf6 76. Kd7 Kxg6 77. c8=Q {Black forfeits on time} 1-0

[Event "ICCopen2016"]
[Site "Internet Chess Club"]
[Date "2016.06.03"]
[Round "10"]
[White "mrneale"]
[Black "ROWLAND"]
[Result "0-1"]
[ICCResult "White forfeits on time"]
[WhiteElo "1263"]
[BlackElo "1553"]
[Opening "Danish gambit"]
[ECO "C21"]
[NIC "KP.04"]
[Time "20:48:36"]
[TimeControl "180+0"]

1. e4 e5 2. d4 exd4 3. c3 d3 4. Bxd3 d6 5. Nf3 Nf6 6. Bg5 Be7 7. O-O O-O 8.
Re1 Nc6 9. Na3 h6 10. Bh4 Ne5 11. Bc2 Bg4 12. Re3 Nxf3+ 13. gxf3 Bh3 14. f4
Bg4 15. f3 Bh3 16. Kf2 Nh5 17. Bxe7 Qxe7 18. Qg1 Qh4+ 19. Ke2 Nxf4+ 20. Kd2
Ng2 21. Re2 Qf4+ 22. Kd1 Qxf3 23. Kd2 Qf4+ 24. Kd1 Qf3 25. Kd2 Nf4 26. Rf2
Qg4 27. Qxg4 Bxg4 28. Rxf4 Be6 29. b3 f6 30. c4 c6 31. Raf1 d5 32. exd5 cxd5
33. cxd5 Bxd5 34. Rd4 Rad8 {White forfeits on time} 0-1

[Event "ICCopen2016"]
[Site "Internet Chess Club"]
[Date "2016.06.03"]
[Round "10"]
[White "AaronArrowood"]
[Black "daviv52"]
[Result "1-0"]
[ICCResult "Black forfeits on time"]
[WhiteElo "1787"]
[BlackElo "2035"]
[Opening "Pirc: classical (two knights) system"]
[ECO "B08"]
[NIC "PU.10"]
[Time "20:47:33"]
[TimeControl "180+0"]

1. d4 Nf6 2. Nc3 g6 3. e4 d6 4. Nf3 Bg7 5. Be3 O-O 6. Qd2 Ng4 7. Bc4 Nxe3 8.
fxe3 c5 9. O-O Nc6 10. Ng5 e6 11. Nf3 a6 12. a4 Qb6 13. Bb3 cxd4 14. exd4
Nxd4 15. Nxd4 Qxd4+ 16. Qxd4 Bxd4+ 17. Kh1 Bd7 18. Rad1 Be5 19. Rd2 Rac8 20.
Nd1 Rc5 21. Rdf2 Bc6 22. Re1 Kg7 23. Nc3 Bxc3 24. bxc3 Rxc3 25. Rd2 d5 26.
exd5 Bxd5 27. Bxd5 exd5 28. Rxd5 Rfc8 29. Rd7 R8c7 30. Rxc7 Rxc7 31. Re2 Rc4
32. a5 Rc5 33. h3 Rxa5 34. Re7 b5 35. Rb7 Ra2 36. Rb6 Rxc2 37. Rxa6 b4 38.
Rb6 Rb2 39. Kh2 h5 40. Kg3 Rb1 41. h4 b3 42. Rb5 b2 43. Rb6 Kf8 44. Kh2 Ke7
45. g3 Kd7 46. Rb7+ Kc6 47. Rb3 Kc5 48. Rb8 Kc4 49. Rc8+ Kd3 50. Rd8+ Ke2
51. Re8+ Kf2 52. Rb8 f5 53. Rb4 Ke2 54. Rb8 Kf3 55. Rb3+ Kg4 56. Rb4+ Kf3
57. Rb3+ Kf2 58. Rb8 f4 59. gxf4 Kf3 60. Rb3+ Kxf4 61. Rb4+ Kf5 62. Rb5+ Ke4
63. Rb4+ Kd3 64. Rb8 Kc3 65. Rc8+ Kd2 66. Rd8+ Ke3 67. Re8+ Kf4 68. Rf8+
{Black forfeits on time}
1-0

[Event "ICCopen2016"]
[Site "Internet Chess Club"]
[Date "2016.06.03"]
[Round "10"]
[White "senya"]
[Black "rookfish"]
[Result "0-1"]
[ICCResult "White forfeits on time"]
[WhiteElo "1099"]
[BlackElo "1091"]
[Opening "Gedult's opening"]
[ECO "A00"]
[Time "20:48:41"]
[TimeControl "180+0"]

1. f3 e5 2. g3 d5 3. Bg2 Nc6 4. b3 Bc5 5. Bb2 Nf6 6. e3 e4 7. Nc3 O-O 8.
Nge2 exf3 9. Bxf3 Re8 10. O-O Bh3 11. Rf2 d4 12. Na4 dxe3 13. dxe3 Bxe3 14.
Nc5 Qxd1+ 15. Rxd1 Bxf2+ 16. Kxf2 Ne5 17. Bxe5 Rxe5 18. Nxb7 Rae8 19. Rd2
Rf5 20. Rd8 Ne4+ 21. Ke3 Nd6+ 22. Rxe8+ Nxe8 23. c4 Re5+ 24. Kf2 Rf5 25. Nd4
Rf6 26. Ke3 Nd6 27. Nxd6 cxd6 {White forfeits on time} 0-1

[Event "ICCopen2016"]
[Site "Internet Chess Club"]
[Date "2016.06.03"]
[Round "10"]
[White "eltigrecu"]
[Black "welo1969"]
[Result "0-1"]
[ICCResult "White checkmated"]
[WhiteElo "2078"]
[BlackElo "1475"]
[Opening "Levitsky attack (Queen's bishop attack)"]
[ECO "D00"]
[NIC "QP.08"]
[Time "20:47:31"]
[TimeControl "180+0"]

1. d4 d5 2. Bg5 c5 3. dxc5 Nc6 4. Nc3 d4 5. Ne4 f6 6. Bh4 e5 7. Nd6+ Bxd6 8.
cxd6 Qxd6 9. c3 Nge7 10. e3 O-O 11. Nf3 Nf5 12. Bg3 dxe3 13. Qxd6 Nxd6 14.
O-O-O Nf5 15. Bc4+ Kh8 16. fxe3 Nxe3 17. Bd3 Nxd1 18. Rxd1 Be6 19. b3 Rad8
20. Kc2 Rd7 21. Re1 Rfd8 22. Bb5 Bf5+ 23. Kb2 Bg4 24. a4 Bxf3 25. gxf3 a6
26. Bc4 Rd2+ 27. Ka3 b5 28. axb5 axb5 29. Bxb5 Ra8+ 30. Ba4 Ne7 31. f4 Nd5
32. fxe5 Nxc3 33. exf6 gxf6 34. Re6 Nxa4 35. bxa4 Rd3+ 36. Kb4 Rd4+ 37. Kb5
Kg7 38. Re7+ Kg6 39. Re6 Rdxa4 40. Re1 R8a5+ 41. Kb6 Rf5 42. Rg1 Rg4 43. Rc1
h5 44. Rc8 h4 45. Rg8+ Kh5 46. Rh8+ Kg6 47. Rg8+ Kh5 48. Rh8+ Kg6 49. Bxh4
Rh5 50. Rg8+ Kf5 51. Rxg4 Kxg4 52. Bg3 f5 53. Bc7 f4 54. h3+ Rxh3 55. Kc5 f3
56. Kd4 f2 57. Ke4 f1=Q 58. Bb6 Qf4+ 59. Kd5 Rh5+ 60. Kc6 Qf6+ 61. Kb7 Rh7+
62. Bc7 Qd6 63. Ka8 Rxc7 64. Kb8 Qb6+ 65. Ka8 Qa7# {White checkmated} 0-1

[Event "ICCopen2016"]
[Site "Internet Chess Club"]
[Date "2016.06.03"]
[Round "10"]
[White "B-Alqudaimi"]
[Black "Rayconniff"]
[Result "0-1"]
[ICCResult "White checkmated"]
[WhiteElo "2439"]
[BlackElo "1745"]
[Opening "Van't Kruijs opening"]
[ECO "A00"]
[Time "20:48:02"]
[TimeControl "180+0"]

1. e3 e5 2. d4 exd4 3. exd4 Nf6 4. c3 d5 5. Bd3 Bd6 6. Ne2 O-O 7. O-O Ne4 8.
f3 Qh4 9. f4 Bf5 10. Qe1 Qxe1 11. Rxe1 Re8 12. Rd1 Nd7 13. Kf1 Ndf6 14. Be3
Ng4 15. Bg1 c6 16. h3 Ngf6 17. g4 Bd7 18. Nd2 h5 19. Bxe4 Nxe4 20. f5 hxg4
21. hxg4 g6 22. fxg6 fxg6 23. Nf3 Bxg4 24. Ne5 Bxe5 25. dxe5 Rxe5 26. Nd4
Bxd1 27. Rxd1 Rf8+ 28. Kg2 Re7 29. Rd3 Ref7 30. Be3 g5 31. Ne6 Re8 32. Nd4
Nc5 33. Rd2 Rxe3 34. b4 Ne4 35. Rb2 Rg3+ 36. Kh2 Rh7# {White checkmated} 0-1

[Event "ICCopen2016"]
[Site "Internet Chess Club"]
[Date "2016.06.03"]
[Round "10"]
[White "dddsllc"]
[Black "uncleBob"]
[Result "1-0"]
[ICCResult "Black resigns"]
[WhiteElo "1704"]
[BlackElo "1571"]
[Opening "English: Carls' Bremen system"]
[ECO "A22"]
[NIC "EO.10"]
[Time "20:48:14"]
[TimeControl "180+0"]

1. c4 e5 2. Nc3 Nf6 3. g3 Bc5 4. Bg2 Nc6 5. e3 O-O 6. Nge2 Re8 7. O-O d6 8.
a3 a5 9. d4 exd4 10. exd4 Bb6 11. Bg5 h6 12. Bxf6 Qxf6 13. Nd5 Qe6 14. Nxb6
cxb6 15. d5 Qxe2 16. dxc6 Rb8 17. Qxe2 Rxe2 18. Rfe1 Rxe1+ 19. Rxe1 bxc6 20.
Re8+ Kh7 21. Bxc6 a4 22. Bd7 Bxd7 23. Rxb8 Be6 24. Rxb6 Bxc4 25. Rxd6 g6 26.
Rd4 Bb5 27. f4 Kg7 28. Kf2 Kf6 29. Ke3 Ke6 30. Rb4 Bc6 31. Rb6 Kd6 32. Kd4
Kc7 33. Rb4 Kd6 34. h4 f5 35. Rb8 Ke6 36. Rh8 h5 37. Rc8 Bf3 38. Rb8 Kf6 39.
Rb6+ Kf7 40. Ke5 Bd1 41. Ra6 Bb3 42. Ra7+ Kg8 43. Kf6 {Black resigns} 1-0

[Event "ICCopen2016"]
[Site "Internet Chess Club"]
[Date "2016.06.03"]
[Round "10"]
[White "hipopotamos"]
[Black "airantrobo"]
[Result "0-1"]
[ICCResult "White forfeits on time"]
[WhiteElo "1073"]
[BlackElo "1532"]
[Opening "Sicilian: closed, 2...Nc6"]
[ECO "B23"]
[NIC "SI.44"]
[Time "20:48:15"]
[TimeControl "180+0"]

1. e4 c5 2. Nc3 Nc6 3. Nf3 a6 4. Bc4 b5 5. Be2 g6 6. d3 Bg7 7. Be3 e6 8.
Bxc5 Nge7 9. O-O O-O 10. d4 Qc7 11. Bxe7 Nxe7 12. e5 d6 13. exd6 Qxd6 14.
Qd3 Bb7 15. Rad1 Nd5 16. Nxd5 Bxd5 17. b3 Rac8 18. Rd2 Bh6 19. Rdd1 Bg7 20.
Rd2 b4 21. Rfd1 Rc3 22. Qxa6 Qxa6 23. Bxa6 Bxf3 24. gxf3 Rxf3 25. d5 exd5
26. Rxd5 Rf6 27. Bc4 h5 28. Rb5 Ra6 29. Rxb4 Rxa2 30. Rc1 Rfa8 31. Rb5 Ra1
32. Rxa1 Rxa1+ 33. Kg2 Kh7 34. b4 Rb1 35. Rb8 f6 36. b5 Rb2 37. b6 f5 38. b7
Be5 39. Bd5 Bxb8 40. Be6 Rxb7 41. Bd7 Rxd7 42. Kf3 Bd6 43. Ke3 Be7 44. Ke2
Bf6 45. c4 Rc7 46. c5 Rc6 47. f4 Rxc5 48. h4 Rd5 49. Kf3 Rc5 50. Kg3 Rc6 51.
Kf3 Rd6 52. Kg3 Rb6 53. Kf3 Rb4 54. Kg3 Ra4 55. Kf3 Ra5 56. Kg3 Rb5 57. Kf3
Rb6 58. Kg3 Ra6 {White forfeits on time} 0-1

[Event "ICCopen2016"]
[Site "Internet Chess Club"]
[Date "2016.06.03"]
[Round "10"]
[White "Alright2015"]
[Black "fviana"]
[Result "0-1"]
[ICCResult "White resigns"]
[WhiteElo "2074"]
[BlackElo "2216"]
[Opening "Réti opening"]
[ECO "A04"]
[NIC "QP.10"]
[Time "20:47:58"]
[TimeControl "180+0"]

1. Nf3 c5 2. b3 Nc6 3. e3 Nf6 4. c4 g6 5. Bb2 Bg7 6. g3 O-O 7. Bg2 d5 8.
cxd5 Qxd5 9. Nc3 Qd3 10. Qe2 Nb4 11. Rc1 Rd8 12. Ne5 Qxe2+ 13. Kxe2 Ng4 14.
Nxg4 Bxg4+ 15. f3 Bf5 16. e4 Be6 17. Na4 Nd3 18. Bxg7 Nxc1+ 19. Rxc1 Kxg7
20. Nxc5 Bc8 21. Ke3 e5 22. Nd3 f6 23. Nb4 Be6 24. f4 Rac8 25. Rd1 Bg4 26.
Bf3 Be6 27. d3 a5 28. Nd5 Bxd5 29. exd5 Rc2 30. fxe5 fxe5 31. Ke4 Kf6 32.
Rf1 Rxa2 33. Bg4+ Ke7 34. Kxe5 Rxh2 35. Be6 Re2+ 36. Kd4 Rxe6 37. Kc3 Rxd5
38. Rh1 h5 39. Kc4 Red6 40. Rd1 b5+ 41. Kc3 Rxd3+ 42. Rxd3 Rxd3+ 43. Kxd3 a4
44. bxa4 bxa4 45. Kc4 g5 46. Kb4 h4 47. gxh4 gxh4 48. Kxa4 h3 49. Kb4 h2 50.
Kc4 h1=Q 51. Kd4 Qh4+ 52. Ke3 Qg4 53. Kd3 Qf4 54. Ke2 Qg3 {White resigns}
0-1

[Event "ICCopen2016"]
[Site "Internet Chess Club"]
[Date "2016.06.03"]
[Round "10"]
[White "Nedwis"]
[Black "chigamaster"]
[Result "0-1"]
[ICCResult "White checkmated"]
[WhiteElo "2927"]
[BlackElo "3017"]
[Opening "Caro-Kann: Panov-Botvinnik attack"]
[ECO "B13"]
[NIC "CK.03"]
[Time "20:47:47"]
[TimeControl "180+0"]

1. e4 c6 2. d4 d5 3. exd5 cxd5 4. c4 Nf6 5. Nc3 Nc6 6. Nf3 g6 7. Qb3 dxc4 8.
Bxc4 e6 9. O-O Na5 10. Qa4+ Bd7 11. Bb5 Nc6 12. Bg5 Be7 13. Qb3 O-O 14. Rad1
Na5 15. Qa4 Bxb5 16. Qxb5 a6 17. Qe5 Nc6 18. Qe3 Nd5 19. Nxd5 Qxd5 20. Bxe7
Nxe7 21. b3 Rac8 22. Rfe1 Kg7 23. Qf4 Qf5 24. Qg3 Nd5 25. h4 Qf4 26. Qh3 Qf5
27. Qg3 Rc2 28. Rd2 Rfc8 29. Rde2 Rxe2 30. Rxe2 Nf4 31. Re1 Rc2 32. Kh2 Nd3
33. Rf1 Qf4 34. Qxf4 Nxf4 35. Kg3 Ne2+ 36. Kh2 Rxa2 37. Re1 Nf4 38. Kg3 Nd3
39. Rf1 Rb2 40. h5 gxh5 41. Rh1 Nxf2 42. Rxh5 Ne4+ 43. Kf4 Nf6 44. Rg5+ Kf8
45. Rc5 Rxb3 46. Rc8+ Kg7 47. Ne5 Nd5+ 48. Kg4 f6 49. Nf3 h5+ 50. Kxh5 Nf4+
51. Kg4 Nxg2 52. Rc7+ Kg6 53. Nh4+ Nxh4 54. Kxh4 Rb4 55. Kg3 Rxd4 56. Rxb7
a5 57. Ra7 a4 58. Kf3 Kf5 59. Ke3 e5 60. Kf3 Rb4 61. Ke3 Rb3+ 62. Kd2 a3 63.
Kc2 Rh3 64. Kd2 e4 65. Ra6 Ke5 66. Ke2 f5 67. Kf2 Kf4 68. Kg2 Rf3 69. Ra4
Rb3 70. Kf2 Rb2+ 71. Ke1 a2 72. Kd1 Rb1+ 73. Ke2 a1=Q 74. Ra3 Qb2#
{White checkmated}
0-1

[Event "ICCopen2016"]
[Site "Internet Chess Club"]
[Date "2016.06.03"]
[Round "10"]
[White "Tyrel"]
[Black "Peretyatko"]
[Result "0-1"]
[ICCResult "White forfeits on time"]
[WhiteElo "2019"]
[BlackElo "2768"]
[Opening "Queen's Pawn"]
[ECO "A41"]
[NIC "QO.17"]
[Time "20:48:11"]
[TimeControl "180+0"]

1. d4 d6 2. e3 g6 3. Bd3 e5 4. f4 exd4 5. exd4 Bg7 6. Nf3 Qe7+ 7. Kf2 Qd8 8.
Re1+ Ne7 9. Kg1 O-O 10. Nc3 c6 11. Ne2 Bf5 12. Ng3 Bxd3 13. Qxd3 Qd7 14. Bd2
Na6 15. Re2 Nc7 16. Rae1 Rae8 17. Bb4 Ncd5 18. Bd2 f5 19. Ng5 Nc7 20. Ne6
Nxe6 21. Rxe6 Nd5 22. Rxe8 Rxe8 23. Rxe8+ Qxe8 24. c3 Qe6 25. Kf2 Kf7 26.
Qe2 Qd7 27. Nh1 Bf6 28. Kg1 Bh4 29. Nf2 Bxf2+ 30. Kxf2 b5 31. a3 Nb6 32. Be1
a5 33. Kg1 a4 34. Bh4 Qe6 35. Qd2 Qe4 36. Kf2 Nc4 37. Qc1 Ke6 38. h3 Kd5 39.
Bg3 h5 40. Kg1 Qe3+ 41. Qxe3 Nxe3 42. Kf2 Nd1+ 43. Ke1 Nxb2 44. Kd2 Nc4+ 45.
Kc2 Nxa3+ 46. Kb2 Nc4+ 47. Ka2 Ke4 48. Bh2 d5 49. g3 Kf3 50. g4 hxg4 51.
hxg4 fxg4 52. Bg1 Kxf4 53. Kb1 Kf3 54. Kc2 Ke2 55. Kb1 g3 56. Ka2 g2 57. Bh2
g5 58. Kb1 g4 59. Ka2 g3 60. Bg1 Nd2 61. Kb2 Nf3 62. Ka3 Nxg1 63. Kb4 a3 64.
Kc5 a2 65. Kxc6 a1=Q 66. Kxd5 Qxc3 67. Kd6 Qxd4+ 68. Kc6 Qd5+ 69. Kxd5 Nf3
70. Kc5 g1=Q+ 71. Kxb5 Qd4 72. Kc6 Kd3 73. Kc7 Kc4 74. Kc6 Qd5+ 75. Kc7 Qe6
76. Kb7 Kc5 77. Kc7 Qe7+ 78. Kc8 Kb6 {White forfeits on time} 0-1

[Event "ICCopen2016"]
[Site "Internet Chess Club"]
[Date "2016.06.03"]
[Round "10"]
[White "Willy809"]
[Black "JUGGERNOT"]
[Result "0-1"]
[ICCResult "White forfeits on time"]
[WhiteElo "1622"]
[BlackElo "1829"]
[Opening "Dutch with c4 & Nc3"]
[ECO "A85"]
[NIC "HD.05"]
[Time "20:48:18"]
[TimeControl "180+0"]

1. d4 f5 2. c4 Nf6 3. Nc3 g6 4. g3 Bg7 5. Bg2 O-O 6. Nh3 c6 7. O-O e6 8. e4
fxe4 9. Nxe4 d5 10. cxd5 exd5 11. Neg5 h6 12. Nf3 Bg4 13. Nf4 Qd7 14. Nxg6
Re8 15. Nge5 Qc8 16. Nxg4 Nxg4 17. Bh3 h5 18. Ne5 Bxe5 19. dxe5 Rxe5 20. Bf4
Re8 21. f3 Ne3 22. Bxe3 Qxh3 23. Qb3 b6 24. Rae1 Nd7 25. Bg5 Qf5 26. Bf4 c5
27. Qa4 Kh7 28. Rxe8 Rxe8 29. Qxa7 Re2 30. Rf2 Re7 31. Qa3 d4 32. Qb3 Qf6
33. Qc2+ Kg7 34. h4 Qe6 35. Rf1 Rf7 36. Qd2 Nf6 37. Bg5 Nd5 38. Re1 Qf5 39.
Qf2 Qxf3 40. Qxf3 Rxf3 41. Kg2 Rf5 42. Re6 Kf7 43. Rd6 b5 44. Bd2 c4 45. a3
Ne3+ {White forfeits on time} 0-1